 Dungeon Crawl Stone Soup version 0.26-a0-851-g735459dd53 (webtiles) character file.

Game seed: 6650233951525374384

161 EWolf27 the Digger (level 5, -5/28 HPs)
             Began as a Deep Elf Earth Elementalist on Nov 20, 2020.
             Was an Initiate of Yredelemnul.
             Killed by divine providence
             ... invoked by an orc priest
              (10 damage)
             ... on level 3 of the Dungeon on Nov 21, 2020.
             The game lasted 00:18:57 (4117 turns).

EWolf27 the Digger (Deep Elf Earth Elementalist)    Turns: 4117, Time: 00:18:57

Health: -5/28      AC:  2    Str:  6    XL:     5   Next: 19%
Magic:  10/13      EV: 14    Int: 20    God:    Yredelemnul [......]
Gold:   185        SH:  0    Dex: 15    Spells: 8/12 levels left

rFire    . . .     SeeInvis .   a - +0 club
rCold    . . .     Faith    .   (no shield)
rNeg     . . .     Spirit   .   c - +0 robe
rPois    .         Reflect  .   (no helmet)
rElec    .         Harm     .   (no cloak)
rCorr    .         Rampage  .   (no gloves)
MR       .....                  (no boots)
Stlth    +++.......             (no amulet)
HPRegen  0.09/turn              (no ring)
MPRegen  0.13/turn              (no ring)

@: no status effects
A: no striking features
a: Renounce Religion


You were on level 3 of the Dungeon.
You worshipped Yredelemnul.
Yredelemnul was noncommittal.
You visited 1 branch of the dungeon, and saw 3 of its levels.

You collected 185 gold pieces.

Inventory:

Hand Weapons
 a - a +0 club (weapon)
 g - a +0 dagger
Missiles
 b - 24 stones (quivered)
 h - 4 poisoned darts
Armour
 c - a +0 robe (worn)
 q - a +0 pair of gloves
Jewellery
 l - an uncursed amulet of reflection {unknown}
 r - an uncursed amulet of faith {unknown}
Wands
 m - a wand of polymorph (4)
 o - a wand of random effects (17)
Scrolls
 e - 2 scrolls of remove curse {unknown}
 f - 2 scrolls of random uselessness {unknown}
 i - a scroll of enchant weapon {unknown}
 j - a scroll of blinking {unknown}
 k - 2 scrolls of teleportation {unknown}
 n - 5 scrolls of identify {unknown}
 p - a scroll of magic mapping {unknown}
Potions
 d - 2 potions of attraction {unknown}
 s - a potion of heal wounds {unknown}
 t - a potion of curing {unknown}
 u - a potion of lignification {unknown}


   Skills:
 + Level 3.4 Dodging
 + Level 3.7 Stealth
 + Level 4.1 Spellcasting
 * Level 1.9 Conjurations
 - Level 1.2 Transmutations
 * Level 4.4 Earth Magic


You had 8 spell levels left.
You knew the following spells:

 Your Spells              Type           Power        Failure   Level
a - Sandblast             Erth           ###...       1%          1
b - Stone Arrow           Conj/Erth      ###...       11%         3

Your spell library contained the following spells:

 Spells                   Type           Power        Failure   Level
 Passwall                 Tmut/Erth      ###.....     6%          2
 Petrify                  Tmut/Erth      ###.....     36%         4
 Lee's Rapid Deconstruct  Erth           ###.......   50%         5


Dungeon Overview and Level Annotations

Branches:
Dungeon (3/15)

Altars:
Makhleb
Ru
Yredelemnul


Message History

Casting: Sandblast (safe; 1% risk of failure)
Confirm with . or Enter, or press ? or * to list all spells.
Aiming: Sandblast (safe; 1% risk of failure)
Press: ? - help, Shift-Dir - straight line, f/p - orc priest
Aim: an orc priest, wielding a +0 short sword and wearing a +0 ring mail The blast of sand hits the orc priest.
The orc priest is moderately wounded.
b - 24 stones The orc priest looks braver for a moment.
The orc priest completely misses you.
The orc wizard gestures wildly while chanting.
The orc wizard blinks!
The orc priest looks encouraged for a moment.
The orc priest invokes the aid of Beogh against you.
Pain shoots through your body!
* * * LOW HITPOINT WARNING * * *
The orc priest mumbles some strange prayers to Beogh against you.
Beogh smites you!
You die...
Your body rises from the dead as a mindless zombie.

#.#........# #.####....
#.########## #.# #_.⌠.
#.# #.# #....
#.######## #.# ##...
#........#####.### #⌠..
########.........###...
#######.#.##.... ##
#############.#.##_.⌠.
.#
#.o..@........#.##....
.#
#o#############..##..#
####### #.# ########
......§#####.# #)o..o.#
......o.######
..#...### ..(... #####


You could see 2 orc priests.

Vanquished Creatures
  An orc wizard (D:3)
  6 adders
  An ooze (D:2)
  A dart slug (D:1)
  6 leopard geckos
  4 orcs (D:3)
  3 bats
  2 giant cockroaches (D:3)
  7 hobgoblins
  9 jackals
  3 kobolds
  3 ball pythons
  4 frilled lizards
  6 goblins
  10 rats
66 creatures vanquished.

Vanquished Creatures (others)
  3 plants (D:2)
3 creatures vanquished.

Grand Total: 69 creatures vanquished

Notes
Turn   | Place    | Note
-------+----------+-------------------------------------------
     0 | D:1      | EWolf27 the Deep Elf Earth Elementalist began the quest for
                  | the Orb.
     0 | D:1      | Reached XP level 1. HP: 10/10 MP: 6/6
   549 | D:1      | Reached XP level 2. HP: 15/15 MP: 6/8
  1728 | D:2      | Reached XP level 3. HP: 16/19 MP: 6/9
  1775 | D:2      | Learned a level 3 spell: Stone Arrow
  2428 | D:2      | Found a faded altar of an unknown god.
  2619 | D:3      | Reached skill level 1 in Conjurations
  2619 | D:3      | Reached XP level 4. HP: 21/24 MP: 8/11
  3253 | D:3      | Found a sacrificial altar of Ru.
  3653 | D:3      | Reached XP level 5. HP: 28/28 MP: 8/13
  3807 | D:3      | Found a burning altar of Makhleb.
  3807 | D:3      | Found a basalt altar of Yredelemnul.
  3880 | D:3      | Became a worshipper of Yredelemnul the Dark
  4117 | D:3      | Killed from afar by an orc priest

Illustrated notes

Levels and vault maps discovered:
D:1:      lightli_molten_gateway, layout_basic, serial_glass, glass_columns_a,
          glass_columns_a, minivault_19
D:2:      minmay_evil_eye, layout_rooms, chequers_ecumenical_altar_island,
          serial_bayou_crossing
D:3:      layout_loops_ring, nicolae_overflow_crystal_walls,
          lemuel_coloured_pillars_altar, gammafunk_temple_overflow_pools,
          minmay_circle_x

Skill      XL: |  1  2  3  4 |
---------------+-------------+-----
Stealth        | 3 |  3.7
Dodging        | 3 |  3.4
Conjurations   | 1 |  1.9
Earth Magic    | 4 |  4.4
Spellcasting   | 4 |  4.1
Transmutations | |  1.2

Action                   |  1- 3 |  4- 6 || total
-------------------------+-------+-------++-------
Melee: Club              |    26 |     5 ||    31
 Cast: Sandblast         |    46 |    46 ||    92
 Stab: Sleeping          |     2 |       ||     2
Armor: Robe              |     5 |     1 ||     6
Dodge: Dodged            |    30 |    21 ||    51

Table legend: (Time is in decaauts)
 A = Elapsed time spent in this place.
 B = Non-inter-level travel time spent in this place.
 C = Inter-level travel time spent in this place.
 D = Time resting spent in this place.
 E = Time spent auto-exploring this place.
 F = Levels seen in this place.
 G = Mean time per level.
                   A        B        C        D        E       F      G
               +--------+--------+--------+--------+--------+-----+--------+
         Total |   4145 |   3965 |    180 |   1566 |    922 |   3 | 1381.7 |
       Dungeon |   4145 |   3965 |    180 |   1566 |    922 |   3 | 1381.7 |
               +--------+--------+--------+--------+--------+-----+--------+

Top non-repeatable levels by time:
     D:3: 1514 daAuts
     D:1: 1338 daAuts
     D:2: 1292 daAuts
